 Dungeon Crawl Stone Soup version 0.18.1-48-g4cf74bf (webtiles) character file.

7404 kosy22 the Nimble (level 10, -4/98 HPs)
             Began as a Troll Monk on Aug 18, 2016.
             Was a Priest of Nemelex Xobeh.
             Slain by a wolf (6 damage)
             ... led by Grum
             ... on level 10 of the Dungeon on Aug 20, 2016.
             The game lasted 00:49:22 (10312 turns).

kosy22 the Nimble (Troll Monk)                     Turns: 10312, Time: 00:49:23

Health: -4/98      AC: 10    Str: 24    XL:     10   Next: 92%
Magic:  6/6        EV: 17    Int:  6    God:    Nemelex Xobeh [***...]
Gold:   575        SH:  2    Dex: 12    Spells: 4 memorised, 4 levels left

rFire  . . .     SeeInvis .     L - +6 dagger of Tenacity {antimagic, rElec rC+ rN+}
rCold  + . .     Gourm    +     a - +1 robe
rNeg   + . .     Faith    .     (no shield)
rPois  .         Spirit   .     v - +2 hat
rElec  +         Dismiss  .     (no cloak)
rCorr  .         Reflect  .     (gloves unavailable)
SustAt .         Harm     .     (boots unavailable)
MR     .....                    O - amulet of magic regeneration
Stlth  ++........               T - +3 ring of evasion
                                y - ring of magical power

@: very slightly contaminated, invisible (expiring), not resistant to hostile
enchantments, unstealthy
A: unfitting armour, claws 3, large bone plates 1, fast metabolism 3, gourmand,
regeneration 2, shaggy fur 1, tough skin 2
a: Triple Draw, Renounce Religion


You were on level 10 of the Dungeon.
You worshipped Nemelex Xobeh.
Nemelex Xobeh was most pleased with you.
You were very full.

You visited 2 branches of the dungeon, and saw 11 of its levels.
You also visited: Sewer.

You collected 575 gold pieces.

Inventory:

Hand Weapons
 g - a +1 dagger of electrocution
 F - a +0 shortbow
 L - the +6 dagger of Tenacity (weapon) {antimagic, rElec rC+ rN+}
   (You found it on level 6 of the Dungeon)

   It disrupts the flow of magical energy around spellcasters and certain
   magical creatures (including the wielder).
   It protects you from cold.
   It insulates you from electricity.
   It protects you from negative energy.
 Y - the +1 halberd "Rulojiti" {drain, rF- rN+++ MR++ Int-4}
   (You found it on level 10 of the Dungeon)

   A truly terrible weapon, it drains the life of those it strikes.
   It affects your intelligence (-4).
   It makes you vulnerable to fire.
   It renders you almost immune to negative energy.
   It affects your resistance to hostile enchantments.
Missiles
 i - 14 tomahawks (quivered)
 p - a throwing net
 G - 188 arrows
 R - 4 tomahawks of returning
Armour
 a - a +1 robe (worn)
 v - a +2 hat (worn)
Jewellery
 q - an uncursed ring of fire
 y - a ring of magical power (left claw)
 O - an amulet of magic regeneration (around neck)
 T - a +3 ring of evasion (right claw)
Wands
 u - a wand of slowing (25/48)
 A - a wand of iceblast (4/15)
 C - a wand of disintegration (4/24)
 D - a wand of digging (15/24)
 U - a wand of acid (8/15)
 V - a wand of disintegration (8/24)
Scrolls
 c - 4 scrolls of remove curse
 e - 3 scrolls of recharging
 f - a scroll of enchant weapon
 m - 5 scrolls of teleportation
 r - 2 scrolls of magic mapping
 s - a scroll of enchant armour
 z - a scroll of fog
Potions
 h - a potion of beneficial mutation
 k - 3 potions of degeneration
 n - a potion of cure mutation {unknown}
 o - 3 potions of mutation {unknown}
 t - 3 potions of brilliance {unknown}
 w - 2 potions of berserk rage {unknown}
 x - a potion of ambrosia {unknown}
 E - a potion of cancellation {unknown}
 I - a potion of lignification {unknown}
 K - 4 potions of agility {unknown}
 N - 2 potions of haste {unknown}
 P - a potion of might {unknown}
 X - a potion of magic {unknown}
Books
 B - a book of Party Tricks

   Spells                             Type                      Level
   a - Summon Butterflies             Summoning                    1
   b - Apportation                    Translocation                1
   c - Tukima's Dance                 Hexes                        3
   d - Alistair's Intoxication        Transmutation/Poison         5
   e - Invisibility                   Hexes                        6
 H - a book of Flames

   Spells                             Type                      Level
   a - Flame Tongue                   Conjuration/Fire             1
   b - Throw Flame                    Conjuration/Fire             2
   c - Conjure Flame                  Conjuration/Fire             3
   d - Inner Flame                    Hexes/Fire                   3
   e - Sticky Flame                   Conjuration/Fire             4
   f - Fireball                       Conjuration/Fire             5
 J - a book of Minor Magic

   Spells                             Type                      Level
   a - Magic Dart                     Conjuration                  1
   b - Blink                          Translocation                2
   c - Call Imp                       Summoning                    2
   d - Repel Missiles                 Charms/Air                   2
   e - Slow                           Hexes                        2
   f - Conjure Flame                  Conjuration/Fire             3
   g - Mephitic Cloud                 Conjuration/Poison/Air       3
Miscellaneous
 M - a legendary deck of war
 Q - a plain deck of destruction {drawn: 1}
 S - a plain deck of war {drawn: 5}
 W - a plain deck of escape
Comestibles
 b - 7 bread rations
 d - 4 meat rations
 j - 6 slices of pizza
 l - a beef jerky


   Skills:
 + Level 6.2 Fighting
 + Level 2.9 Short Blades
 + Level 2.4 Throwing
 + Level 10.0 Dodging
 + Level 3.3 Stealth
 + Level 7.4 Unarmed Combat
 + Level 1.3 Spellcasting
 + Level 0.8 Conjurations
 + Level 0.2 Hexes
 + Level 0.5 Fire Magic
 + Level 1.7 Evocations


You had 4 spell levels left.
You knew the following spells:

 Your Spells              Type           Power        Failure   Level  Hunger
a - Tukima's Dance        Hex            #.......     94%         3    ####...
b - Magic Dart            Conj           #...         34%         1    ##.....
c - Flame Tongue          Conj/Fire      #....        34%         1    ##.....
d - Throw Flame           Conj/Fire      #.....       52%         2    ###....


Dungeon Overview and Level Annotations

Branches:
Dungeon (10/15)            Temple (1/1) D:6
   Lair: D:8-11         Orc: D:9-12

Altars:
Ashenzari
Cheibriados
Dithmenos
Elyvilon
Fedhas
Gozag
Kikubaaqudgha
Makhleb
Nemelex Xobeh
Okawaru
Pakellas
Qazlal
Ru
Sif Muna
Trog
Vehumet
Xom
Yredelemnul
Zin
The Shining One

Annotations:
D:3 Natasha
D:8 exclusion: obsidian statue
D:10 Grum


Innate Abilities, Weirdness & Mutations

You are too large for most types of armour.
You have claws for hands.
Your metabolism is lightning-fast.
You like to eat raw meat.
You heal very quickly.
You are covered in fur (AC +1).
You have very tough skin (AC +2).
You are partially covered in large bone plates (AC +2, SH +2).


Message History

The stone closely misses kosy22's illusion.
The stone misses the wolf.
The stone completely misses you. The wolf closely misses you.
The wolf bites you!
* * * LOW HITPOINT WARNING * * *
The wolf misses you.
The giant frog barely misses your hellwing.
The wolf misses you. The wolf bites you!
* * * LOW HITPOINT WARNING * * *
The wolf bites you!
* * * LOW HITPOINT WARNING * * *
Drink which item? (? for menu, Esc to quit)
Okay, then.
Read which item? (? for menu, Esc to quit)
Okay, then.
You fail to use your ability.
Your hellwing blocks the giant frog's attack.
The wolf closely misses you. The wolf completely misses you.
The wolf bites you.
You die...
Your body glows with a rainbow of weird colours and disappears. #...# #..# #...!.ยง . #...# #..# ..####.g)###..# .......F......# .......4......# .#####...###..# # #.@.# #..# .# #hhh#

#..####..#
#.@.#
#...Y.h..#
#..# #...#
#..#####.#
#.># #...#
#..# #..#
#...# #..#
#..# #...#
#..# #..#
#...# #..#
..# #...#
#..# #.#
#...###..#
#.#
#........#


You could see Grum, 3 wolves, a giant frog, a friendly hellwing and the friendly
kosy22's illusion (invisible).

Vanquished Creatures
  Urug (D:10)
  Pikel (D:9)
  An elephant (D:10)
  Grinder (D:3)
  A two-headed ogre (D:8)
  5 yaks (D:10)
  A human (D:8)
  A hippogriff (D:8)
  Duvessa (D:5)
  An ice beast (D:8)
  2 orc warriors
  A sky beast (D:7)
  3 ogres
  2 necrophages
  A phantom (D:4)
  7 centaurs
  2 big kobolds (D:8)
  A crocodile (Sewer)
  Blork the orc (D:5)
  4 giant frogs
  Dowan (D:5)
  3 scorpions
  A wyvern skeleton (D:10)
  6 killer bees
  3 wights (D:8)
  A howler monkey (D:8)
  A crimson imp (D:10)
  4 centaur zombies
  2 jellies
  An orc priest (D:5)
  6 orc wizards
  A centaur skeleton (D:9)
  A giant frog skeleton (D:8)
  A hound (D:8)
  3 iguanas
  Natasha (twice) (D:3)
  6 worker ants
  A hound zombie (D:6)
  12 adders
  3 gnolls (D:6)
  A howler monkey skeleton (D:8)
  A shadow imp (D:5)
  2 adder zombies
  An adder skeleton (D:4)
  2 worms
  A dart slug (D:1)
  8 giant geckos
  21 orcs
  16 bats
  11 giant cockroaches
  13 goblins
  15 hobgoblins
  12 jackals
  12 kobolds
  4 quokkas
  2 ball pythons
  2 giant newts
  A quokka skeleton (D:5)
  15 rats
237 creatures vanquished.

Vanquished Creatures (collateral kills)
  The ghost of barakagiga the Sneak, a novice OpTm of Cheibriados (D:8)
  2 orc warriors
  A slave (D:9)
  A wolf (D:10)
  A centaur (D:8)
  A crimson imp (D:10)
  An orc priest (D:8)
  3 orcs
11 creatures vanquished.

Vanquished Creatures (others)
  Erolcha (D:8)
  5 sheep (D:9)
6 creatures vanquished.

Grand Total: 254 creatures vanquished

Notes
Turn   | Place    | Note
--------------------------------------------------------------
     0 | D:1      | kosy22 the Troll Monk began the quest for the Orb.
     0 | D:1      | Reached XP level 1. HP: 22/22 MP: 0/0
   188 | D:1      | Reached XP level 2. HP: 29/29 MP: 1/1
   885 | D:2      | Reached XP level 3. HP: 34/36 MP: 2/2
  1260 | D:2      | Found a sacrificial altar of Ru.
  1263 | D:2      | Reached skill level 3 in Dodging
  1263 | D:2      | Reached XP level 4. HP: 43/44 MP: 3/3
  2014 | D:3      | Found a faded altar to an unknown god.
  2020 | D:3      | Reached skill level 5 in Unarmed Combat
  2100 | D:3      | Noticed Grinder
  2113 | D:3      | Killed Grinder
  2113 | D:3      | Reached XP level 5. HP: 8/53 MP: 4/4
  2113 | D:3      | Reached XP level 6. HP: 9/61 MP: 5/5
  2410 | D:3      | Noticed Natasha
  2418 | D:3      | Killed Natasha
  2418 | D:3      | Reached skill level 4 in Dodging
  2512 | D:3      | Noticed Natasha
  2533 | D:3      | Killed Natasha
  2612 | D:3      | Noticed Natasha
  2957 | D:4      | Found a bloodstained altar of Trog.
  2958 | D:4      | Found an iron altar of Okawaru.
  2958 | D:4      | Found a stormy altar of Qazlal.
  2959 | D:4      | Found a glowing golden altar of the Shining One.
  2959 | D:4      | Found a shadowy altar of Dithmenos.
  2997 | D:4      | Reached XP level 7. HP: 58/68 MP: 6/6
  3530 | D:5      | Entered Level 5 of the Dungeon
  3635 | D:5      | Gained mutation: You are partially covered in large bone plates (AC +2, SH +2). [potion of beneficial mutation]
  3718 | D:5      | Found a glowing drain.
  3731 | Sewer    | Entered a sewer
  3816 | Sewer    | Learned a level 3 spell: Tukima's Dance
  4120 | D:5      | Noticed Dowan
  4121 | D:5      | Noticed Duvessa
  4143 | D:5      | Killed Duvessa
  4143 | D:5      | Reached skill level 5 in Dodging
  4154 | D:5      | Killed Dowan
  4218 | D:5      | Noticed Blork the orc
  4226 | D:5      | Killed Blork the orc
  4226 | D:5      | Reached XP level 8. HP: 70/78 MP: 7/7
  4541 | D:5      | Reached skill level 6 in Dodging
  4837 | D:6      | Found a staircase to the Ecumenical Temple.
  4848 | Temple   | Entered the Ecumenical Temple
  4974 | Temple   | Became a worshipper of Nemelex Xobeh the Trickster
  4974 | Temple   | Received a gift from Nemelex Xobeh
  4974 | Temple   | Reached * piety under Nemelex Xobeh
  4974 | Temple   | Reached ** piety under Nemelex Xobeh
  5054 | D:6      | Reached skill level 1 in Throwing
  5364 | D:6      | Learned a level 1 spell: Magic Dart
  5478 | D:6      | Got a brightly glowing dagger
  5479 | D:6      | Identified the +6 dagger of Tenacity {antimagic, rElec rC+ rN+} (You found it on level 6 of the Dungeon)
  5758 | D:6      | Received a gift from Nemelex Xobeh
  6007 | D:7      | Reached XP level 9. HP: 83/83 MP: 5/8
  6239 | D:7      | Found a shattered altar of Ashenzari.
  6314 | D:7      | Reached skill level 7 in Dodging
  6455 | D:7      | Reached skill level 5 in Fighting
  6770 | D:8      | Received a gift from Nemelex Xobeh
  6996 | D:8      | Reached skill level 1 in Short Blades
  7029 | D:8      | HP: 2/84 [centaur/arrow (8)]
  7356 | D:8      | Noticed Erolcha
  7373 | D:8      | HP: 4/88 [centaur/arrow (6)]
  7374 | D:8      | Killed Erolcha
  7374 | D:8      | Reached skill level 8 in Dodging
  7556 | D:8      | Noticed barakagiga's ghost (novice OpTm)
  7577 | D:8      | Killed barakagiga's ghost
  7577 | D:8      | Reached skill level 1 in Evocations
  7607 | D:8      | Noticed an obsidian statue
  7718 | D:8      | Reached XP level 10. HP: 96/96 MP: 6/10
  8387 | D:8      | Reached skill level 9 in Dodging
  8651 | D:9      | Reached *** piety under Nemelex Xobeh
  8680 | D:9      | Received a gift from Nemelex Xobeh
  8738 | D:9      | Noticed Pikel
  8774 | D:9      | Killed Pikel
  8774 | D:9      | Reached skill level 1 in Spellcasting
  8880 | D:9      | Learned a level 1 spell: Flame Tongue
  9122 | D:9      | Learned a level 2 spell: Throw Flame
  9254 | D:9      | Found a shimmering altar of Xom.
  9447 | D:10     | Entered Level 10 of the Dungeon
  9549 | D:10     | Received a gift from Nemelex Xobeh
  9576 | D:10     | Got a crystal halberd
  9577 | D:10     | Identified the +1 halberd "Rulojiti" {drain, rF- rN+++ MR++ Int-4} (You found it on level 10 of the Dungeon)
 10154 | D:10     | Noticed Urug
 10170 | D:10     | Killed Urug
 10175 | D:10     | Noticed an elephant
 10214 | D:10     | Killed an elephant
 10214 | D:10     | Reached skill level 10 in Dodging
 10279 | D:10     | Noticed Grum
 10311 | D:10     | HP: 2/98 [wolf[Grum] (10)]
 10312 | D:10     | Slain by a wolf

Skill      XL: |  1  2  3  4  5  6  7  8  9 10 |
---------------+-------------------------------+-----
Dodging        | 3 4 5 6 8 10 | 10.0
Fighting       | 3 4 5 6 |  6.2
Unarmed Combat | 5 6 7 |  7.4
Stealth        | 2 3 |  3.3
Throwing       | 2 |  2.4
Short Blades   | 1 2 |  2.9
Evocations     | 1 |  1.7
Spellcasting   | 1 |  1.3
Conjurations   | |  0.8
Hexes          | |  0.2
Fire Magic     | |  0.5

Action                   |  1- 3 |  4- 6 |  7- 9 | 10-12 || total
-------------------------+-------+-------+-------+-------++-------
Melee: Unarmed           |    85 |   143 |   180 |       ||   408
       Punch             |       |     2 |    20 |    13 ||    35
       Dagger            |       |       |   233 |   375 ||   608
Throw: Tomahawk          |     1 |       |    16 |     9 ||    26
 Cast: Magic Dart        |       |       |     6 |     2 ||     8
       Tukima's Dance    |       |       |     1 |       ||     1
       Flame Tongue      |       |       |       |     1 ||     1
Evoke: Deck              |       |       |     9 |     9 ||    18
       Wand              |       |       |     4 |       ||     4
  Use: Scroll            |       |    11 |     8 |     3 ||    22
       Potion            |       |     2 |     4 |     1 ||     7
 Stab: Paralysed         |       |     1 |       |       ||     1
       Sleeping          |       |     1 |     3 |       ||     4
  Eat: Chunk             |    10 |     5 |    38 |    22 ||    75
       Fruit             |     1 |     2 |       |       ||     3
       Bread ration      |       |     1 |     1 |       ||     2
       Beef jerky        |       |     1 |       |       ||     1
       Royal jelly       |       |       |     2 |       ||     2
       Pizza             |       |       |       |     2 ||     2
       Meat ration       |       |       |       |     1 ||     1
Armor: Robe              |    29 |    58 |   180 |   113 ||   380
Dodge: Dodged            |    48 |    99 |   335 |   306 ||   788
Block: Other             |       |       |    37 |    31 ||    68
